 Dungeon Crawl Stone Soup version 0.30-a0-1160-g6e42c06551 (webtiles) character file.

Game seed: 3984507659602453662

120 Lobster4 the Conjurer (level 5, 0/37 HPs)
             Began as a Human Conjurer on Apr 26, 2023.
             Slain by a sleepcap (5 damage)
             ... on level 3 of the Dungeon.
             The game lasted 00:06:03 (2776 turns).

Lobster4 the Conjurer (Human Conjurer)              Turns: 2776, Time: 00:06:04

Health: 0/37       AC:  3    Str:  9    XL:     5   Next: 25%
Magic:  1/8        EV: 12    Int: 19    God:
Gold:   57         SH:  0    Dex: 11    Spells: 5/8 levels left

rFire   . . .        f - +0 dagger
rCold   . . .        (no shield)
rNeg    . . .        a - +0 robe
rPois   .            (no helmet)
rElec   .            (no cloak)
rCorr   .            (no gloves)
SInv    .            n - +0 pair of boots
Will    .....        (no amulet)
Stlth   ++           (no ring)
HPRegen 0.26/turn    (no ring)
MPRegen 0.11/turn

%: no passive effects
@: no status effects
A: no striking features
a: no special abilities


You were on level 3 of the Dungeon.
You visited 1 branch of the dungeon, and saw 3 of its levels.

You collected 57 gold pieces.

Inventory:

Hand Weapons
 c - a +0 club
 f - a +0 dagger (weapon)
Missiles
 e - 4 poisoned darts (quivered)
 i - 12 boomerangs
 l - 6 stones
Armour
 a - a +0 robe (worn)
 m - a +0 leather armour
 n - a +0 pair of boots (worn)
Jewellery
 j - a +5 ring of evasion
Scrolls
 d - a scroll of identify {unknown}
 h - 2 scrolls of teleportation {unknown}
 k - a scroll of vulnerability {unknown}
Potions
 b - a potion of magic
 g - 2 potions of might {unknown}


   Skills:
 + Level 1.4 Fighting
 + Level 1.3 Throwing
 + Level 1.6 Armour
 + Level 2.6 Dodging
 + Level 2.6 Stealth
 + Level 2.4 Spellcasting
 + Level 4.3 Conjurations


You had 5 spell levels left.
You knew the following spells:

 Your Spells              Type           Power      Damage    Failure   Level
a - Magic Dart            Conj           72%        1d6       2%          1
b - Searing Ray           Conj           36%        2d5       4%          2

Your spell library contained the following spells:

 Spells                   Type           Power      Damage    Failure   Level
 Dazzling Flash           Conj/Hex       20%        N/A       21%         3
 Fulminant Prism          Conj/Hex       5%         3d6       54%         4
 Iskenderun's Mystic Bla  Conj/Tloc      10%        2d4       54%         4


Dungeon Overview and Level Annotations

Branches:
Dungeon (3/15)

Altars:


Message History

Casting: Magic Dart (safe; 2% risk of failure)
Confirm with . or Enter, or press ? or * to list all spells.
Aiming: Searing Ray (safe; 4% risk of failure)
Press: ? - help, Shift-Dir - straight line, f/p - sleepcap
Aim: a sleepcap (100% to hit)
You miscast Searing Ray.
You are very lightly contaminated with residual magic.
Nothing appears to happen.
Casting: Searing Ray (safe; 4% risk of failure)
Confirm with . or Enter, or press ? or * to list all spells.
Aiming: Searing Ray (safe; 4% risk of failure)
Press: ? - help, Shift-Dir - straight line, f/p - sleepcap
Aim: a sleepcap (100% to hit)
The searing ray hits the sleepcap but does no damage. (Press . to maintain the ray.)
The searing ray hits the sleepcap!
The sleepcap is moderately damaged.
The searing ray hits the sleepcap!
The sleepcap is heavily damaged.
The sleepcap barely misses you.
The searing ray hits the sleepcap!
The sleepcap is almost destroyed.
You finish channelling your searing ray.
The sleepcap releases spores at you but does no damage.
You hit the sleepcap but do no damage.
The sleepcap is almost destroyed.
The sleepcap releases spores at you!
You hit the sleepcap.
The sleepcap is almost destroyed.
The sleepcap releases spores at you.
You are engulfed in a cloud of soporific spores!
You fall asleep.
Your magical contamination has completely faded away.
The sleepcap releases spores at you!!
You wake up.
Ouch! That really hurt!
* * * LOW HITPOINT WARNING * * *
You hit the sleepcap but do no damage.
The sleepcap is almost destroyed.
The sleepcap releases spores at you.
You die...

# . #.) ... #.
#..###. ##. ..#
.#...#. #.. .. ....
.##.. .. #.. ...#
#. ##### #.#####..#
#. #...###........#
#f##..........##..#
#.@....###.##.##...
######## #.##......
#....>..##
#.#####.# #.. ..#
### ####


You could see a sleepcap.

Vanquished Creatures
  4 gnolls (D:2)
  2 adders (D:2)
  2 worms (D:2)
  4 dart slugs
  5 endoplasms
  2 giant cockroaches
  4 goblins
  4 hobgoblins
  A kobold (D:1)
  2 quokkas
  10 ball pythons
  5 bats
  2 frilled lizards
  5 rats
52 creatures vanquished.

Vanquished Creatures (others)
  2 fungi (D:2)
2 creatures vanquished.

Grand Total: 54 creatures vanquished

Notes
Turn   | Place    | Note
-------+----------+-------------------------------------------
     0 | D:1      | Lobster4 the Human Conjurer began the quest for the Orb.
     0 | D:1      | Reached XP level 1. HP: 13/13 MP: 3/3
     1 | D:1      | Noticed an electric eel
   213 | D:1      | Reached XP level 2. HP: 19/19 MP: 1/5
   686 | D:1      | Reached XP level 3. HP: 25/25 MP: 3/6
  1477 | D:2      | Found a faded altar of an unknown god.
  1590 | D:2      | Learned a level 2 spell: Searing Ray
  1675 | D:2      | Reached skill level 1 in Armour
  1725 | D:2      | Reached skill level 1 in Fighting
  1756 | D:2      | Reached skill level 1 in Throwing
  1756 | D:2      | Reached XP level 4. HP: 32/32 MP: 0/7
  2274 | D:2      | Reached XP level 5. HP: 37/37 MP: 0/8
  2776 | D:3      | Slain by a sleepcap

Illustrated notes

Levels and vault maps discovered:
D:1:      arrival_aquarium_a, layout_loops_corners
D:2:      layout_basic, hellmonk_ecumenical_altar_leap_of_faith, st_stairs_7,
          nrook_loot_triangle, dreamdust_mushroom_princess, minivault_4
D:3:      layout_loops_cross, mainiacjoe_overflow_boulevard,
          dreamdust_wishing_well, grunt_decor_cap,
          minmay_fractal_squares_diagonal_5

Skill      XL: |  1  2  3 |
---------------+----------+-----
Armour         | 1 |  1.6
Fighting       | 1 |  1.4
Throwing       | 1 |  1.3
Dodging        | |  2.6
Stealth        | |  2.6
Spellcasting   | |  2.4
Conjurations   | |  4.3

Action                     |  1- 3 |  4- 6 || total
---------------------------+-------+-------++-------
  Melee: Dagger            |       |     3 ||     3
   Cast: Magic Dart        |    63 |    41 ||   104
         Searing Ray       |     3 |     5 ||     8
 Armour: Robe              |     1 |     1 ||     2
  Dodge: Dodged            |     4 |     3 ||     7

Table legend: (Time is in decaauts)
 A = Elapsed time spent in this place.
 B = Non-inter-level travel time spent in this place.
 C = Inter-level travel time spent in this place.
 D = Time resting spent in this place.
 E = Time spent auto-exploring this place.
 F = Levels seen in this place.
 G = Mean time per level.
                   A        B        C        D        E       F      G
               +--------+--------+--------+--------+--------+-----+--------+
         Total |   2776 |   2639 |    137 |    146 |   2180 |   3 |  925.3 |
       Dungeon |   2776 |   2639 |    137 |    146 |   2180 |   3 |  925.3 |
               +--------+--------+--------+--------+--------+-----+--------+

Top non-repeatable levels by time:
     D:1: 1392 daAuts
     D:2: 1324 daAuts
     D:3: 58 daAuts
